 Dungeon Crawl Stone Soup version 0.31-a0-157-g0643eb4156 (webtiles) character file.

Game seed: 16516348462203119299

439 qw the Shooter (level 7, -8/43 HPs)
             Began as a Gargoyle Hunter on June 12, 2023.
             Mangled by an orc warrior
             ... wielding a +2 hand axe of flaming
              (12 damage)
             ... on level 5 of the Dungeon.
             The game lasted 00:01:27 (3042 turns).

qw the Shooter (Gargoyle Hunter)                    Turns: 3042, Time: 00:01:28

Health: -8/43      AC: 11    Str: 14    XL:     7   Next: 1%
Magic:  7/7        EV: 11    Int: 10    God:
Gold:   218        SH:  0    Dex: 21    Spells: 6/6 levels left

rFire   . . .        Y - +0 shortbow (freeze)
rCold   . . .        (shield currently unavailable)
rNeg    + . .        d - +0 ring mail
rPois   inf          (no helmet)
rElec   +            (no cloak)
rCorr   .            i - +0 pair of gloves
SInv    +            (no boots)
Will    .....        (no amulet)
Stlth   +            a - +6 ring of dexterity
HPRegen 0.27/turn    j - ring of see invisible
MPRegen 0.10/turn

%: no passive effects
@: no status effects
A: sickness immunity, AC +4, negative energy resistance 1, electricity
resistance, torment resistance 1, petrification resistance
a: no special abilities


You were on level 5 of the Dungeon.
You visited 2 branches of the dungeon, and saw 6 of its levels.

You collected 218 gold pieces.


Innate Abilities, Weirdness & Mutations

You are immune to sickness and miasma.
Your stone body is resilient. (AC +4)
You are immune to poison.
You resist negative energy. (rN+)
You are resistant to electric shocks. (rElec)
You are resistant to unholy torment.
You are immune to petrification.


   Skills:
 - Level 4.1 Fighting
 + Level 7.1 Ranged Weapons
 - Level 1.1 Armour
 - Level 2.0 Dodging
 - Level 1.1 Stealth


You had 6 spell levels left.
You didn't know any spells.
Your spell library was empty.

Inventory:

Hand Weapons
 Y - a +0 shortbow of freezing (weapon)
Armour
 d - a +0 ring mail (worn)
 i - a +0 pair of gloves (worn)
Jewellery
 a - a +6 ring of dexterity (left hand)
 j - a ring of see invisible (right hand)
Scrolls
 g - a scroll of identify
Potions
 b - a potion of enlightenment {unknown}
 c - a potion of berserk rage {unknown}
 e - 2 potions of resistance
 f - a potion of curing
 h - a potion of might

Dungeon Overview and Level Annotations

Branches:
Dungeon (5/15)             Temple (1/1) D:4

Altars:
Ashenzari
Cheibriados
Dithmenos
Fedhas
Kikubaaqudgha
Nemelex Xobeh
Qazlal
Sif Muna
Vehumet
Wu Jian
Yredelemnul
The Shining One


Message History

The orc warrior is lightly wounded.
An orc comes into view. It is wielding a +0 short sword.
You shoot an arrow.
The arrow closely misses the orc warrior.
The orc shouts!
The orc warrior hits you with a +2 hand axe of flaming!
The orc warrior burns you.
The orc warrior hits you with a +2 hand axe of flaming!
The orc warrior burns you.
You shoot an arrow.
The arrow hits the orc warrior but does no damage.
The orc warrior is lightly wounded.
The orc warrior hits you with a +2 hand axe of flaming.
The orc warrior burns you.
You shoot an arrow.
The arrow hits the orc warrior but does no damage.
The orc warrior is lightly wounded.
The orc warrior hits you with a +2 hand axe of flaming.
The orc warrior burns you.
You shoot an arrow.
The arrow closely misses the orc warrior.
The arrow hits the orc.
The arrow freezes the orc.
The orc is almost dead.
The orc warrior hits you with a +2 hand axe of flaming.
The orc warrior burns you.
You shoot an arrow.
The arrow completely misses the orc warrior.
The arrow hits the orc.
The arrow freezes the orc.
You kill the orc!
The orc warrior barely misses you.
You shoot an arrow.
The arrow hits the orc warrior but does no damage.
The orc warrior is lightly wounded.
The orc warrior hits you with a +2 hand axe of flaming.
The orc warrior burns you.
You shoot an arrow. The arrow hits the orc warrior!
The arrow freezes the orc warrior.
The orc warrior is heavily wounded.
The orc warrior hits you with a +2 hand axe of flaming!
You die...

#.# ##.##
.....
##)..##
..... .).
#o# #@# #.#
##'##
##...##
##.....##
#.......##
#.......).#
+........<+
#.........#


You could see an orc warrior.

Vanquished Creatures
  A centaur (D:5)
  A scorpion (D:4)
  A hound (D:4)
  A jelly (D:4)
  A gnoll bouda (D:4)
  6 adders
  6 gnolls
  2 ufetubi (D:4)
  2 worms (D:2)
  3 dart slugs
  6 orcs
  5 bats
  6 endoplasms
  5 giant cockroaches
  7 goblins
  8 hobgoblins
  2 quokkas (D:2)
  7 ball pythons
  A frilled lizard (D:2)
  2 kobolds
  6 rats
79 creatures vanquished.

Notes
Turn   | Place    | Note
-------+----------+-------------------------------------------
     0 | D:1      | qw the Gargoyle Hunter began the quest for the Orb.
     0 | D:1      | Reached XP level 1. HP: 12/12 MP: 1/1
     0 | D:1      | 0 ||| qw: Version: 0.2-a-29-gc1b59c4
     0 | D:1      | 0 ||| qw: Game counter: 4116
     0 | D:1      | 0 ||| qw: Always use a shield: true
     0 | D:1      | 0 ||| qw: God list: Okawaru
     0 | D:1      | 0 ||| qw: Allow faded altars: false
     0 | D:1      | 0 ||| qw: Do Orc after D:15 true
     0 | D:1      | 0 ||| qw: Do second Lair branch before Depths: true
     0 | D:1      | 0 ||| qw: Lair rune preference: random
     0 | D:1      | 0 ||| qw: Plans: Normal, Zot:1-4, Slime:5, God:TSO, Crypt,
                  | Tomb, Abyss, Pan, Hells, Win
     0 | D:1      | 0 ||| PLANNING D:1-11
    86 | D:1      | Reached XP level 2. HP: 16/17 MP: 2/2
   162 | D:1      | Reached XP level 3. HP: 17/21 MP: 3/3
   298 | D:1      | Reached skill level 5 in Ranged Weapons
   428 | D:1      | Found a faded altar of an unknown god.
   750 | D:1      | 750 ||| UPGRADING to +0 ring mail.
   760 | D:1      | 760 ||| DROPPING +0 leather armour.
   761 | D:1      | 761 ||| READING scroll labelled LOEBLANWOMING.
   762 | D:1      | 762 ||| READING 2 scrolls labelled SAOQUCW OCAD.
   763 | D:1      | 763 ||| READING scroll labelled ZUPSEUTWACZE.
   764 | D:1      | 764 ||| DRINKING 2 fizzy blue potions.
   765 | D:1      | 765 ||| DROPPING scroll of butterflies.
   766 | D:1      | 766 ||| DROPPING potion of degeneration.
   878 | D:2      | Reached skill level 1 in Armour
   901 | D:2      | You fall into a shaft and drop 2 floors!
   925 | D:4      | 925 ||| UPGRADING to +6 ring of dexterity.
   926 | D:4      | 926 ||| READING 2 scrolls of identify.
   926 | D:4      | 926 ||| IDENTIFYING clear potion
   936 | D:4      | Reached skill level 3 in Fighting
   936 | D:4      | Reached XP level 4. HP: 28/28 MP: 4/4
  1341 | D:3      | Reached XP level 5. HP: 32/32 MP: 5/5
  2089 | D:4      | Reached skill level 6 in Ranged Weapons
  2349 | D:4      | Reached XP level 6. HP: 38/38 MP: 6/6
  2530 | D:4      | 2530 ||| DRINKING 2 lumpy white potions.
  2635 | D:4      | Found a staircase to the Ecumenical Temple.
  2636 | D:4      | 2636 ||| PLANNING TEMPLE
  2636 | D:4      | 2636 ||| UPGRADING to ring of see invisible.
  2637 | D:4      | 2637 ||| READING scroll labelled XIWKUT GI XUCO.
  2643 | Temple   | Entered the Ecumenical Temple
  2813 | Temple   | 2813 ||| PLANNING D:1-11
  2875 | D:4      | Found a shadowy altar of Dithmenos.
  2939 | D:4      | 2939 ||| UPGRADING to +0 pair of gloves.
  2944 | D:4      | 2944 ||| READING scroll labelled YTWAHI ZUWOPOH.
  2945 | D:4      | 2945 ||| DRINKING 2 fuming golden potions.
  2968 | D:5      | Entered Level 5 of the Dungeon
  2973 | D:5      | Reached skill level 7 in Ranged Weapons
  2982 | D:5      | 2982 ||| STAIRDANCE
  2988 | D:4      | Reached XP level 7. HP: 34/43 MP: 7/7
  3038 | D:5      | HP: 10/43 [orc warrior/+2 hand axe of flaming (6)]
  3041 | D:5      | HP: 4/43 [orc warrior/+2 hand axe of flaming (1)]
  3042 | D:5      | Mangled by an orc warrior

Levels and vault maps discovered:
D:1:      dpeg_arrival_rhombi, layout_loops_ring,
          shapermc_ecumenical_altar_starsandcircs, nicolae_figureground_sparkle
D:2:      layout_rooms
D:3:      layout_basic
D:4:      layout_rooms, nicolae_overflow_hidden_temple,
          minmay_temple_entry_fiery, minmay_puff
D:5:      layout_loops_corners, amethyst_killhole, uniq_duvessa
Temple:   bh_familiar_temple

Skill      XL: |  1  2  3  4  5  6 |
---------------+-------------------+-----
Ranged Weapons | 5 6 7 |  7.1
Armour         | 1 |  1.1
Fighting       | 3 4 |  4.1
Dodging        | 2 |  2.0
Stealth        | |  1.1

Action                     |  1- 3 |  4- 6 |  7- 9 || total
---------------------------+-------+-------+-------++-------
   Fire: Shortbow          |    87 |   162 |    13 ||   262
    Use: Scroll            |     4 |     2 |       ||     6
         Potion            |     1 |     2 |       ||     3
 Armour: Leather armour    |     3 |       |       ||     3
         Ring mail         |     1 |    46 |       ||    47
  Dodge: Dodged            |     9 |    41 |     1 ||    51

Table legend:
 A = Non-vault XP
 B = Vault XP
 C = Vault XP percentage of total XP
 D = Non-vault monster count
 E = Vault monster count
 F = Vault count percentage of total count
                 A         B        C        D         E       F
            +---------+---------+-------+---------+---------+-------
      Total |     622 |       6 |   1.0 |      76 |       3 |   3.8
            +---------+---------+-------+---------+---------+-------
        D:1 |      52 |       0 |   0.0 |      22 |       0 |   0.0
        D:2 |      66 |       0 |   0.0 |      19 |       0 |   0.0
        D:3 |      73 |       0 |   0.0 |      15 |       0 |   0.0
        D:4 |     313 |       6 |   1.9 |      17 |       3 |  15.0
        D:5 |     118 |       0 |   0.0 |       3 |       0 |   0.0
            +---------+---------+-------+---------+---------+-------
